 Dungeon Crawl Stone Soup version 0.21-a0-140-g479285b (webtiles) character file.

538 kuniqs the Firebug (level 6, 0/45 HPs)
             Began as a Demigod Fire Elementalist on July 20, 2017.
             Incinerated by kuniqs's ghost (2 damage)
             ... with a sticky flame
             ... on level 5 of the Dungeon.
             The game lasted 00:08:23 (5841 turns).

kuniqs the Firebug (Demigod Fire Elementalist)      Turns: 5841, Time: 00:08:24

Health: 0/45       AC:  5    Str: 11    XL:     6   Next: 75%
Magic:  2/15       EV: 12    Int: 23    God:
Gold:   136        SH:  0    Dex: 19    Spells: 7/13 levels left

rFire    . . .     SeeInvis +   q - +3 quarterstaff (chaos)
rCold    . . .     Gourm    .   (shield currently unavailable)
rNeg     . . .     Faith    .   a - +0 robe
rPois    .         Spirit   .   s - +0 helmet
rElec    .         Reflect  .   h - +0 cloak {MR+}
rCorr    .         Harm     .   p - +0 pair of gloves
MR       +....                  (no boots)
Stlth    +.........             (no amulet)
HPRegen  0.15/turn              w - ring of see invisible
MPRegen  0.14/turn              z - +3 ring of dexterity

@: liquid flames, glowing
A: high mp 1
a: no special abilities


You were on level 5 of the Dungeon.
You were not hungry.

You visited 1 branch of the dungeon, and saw 5 of its levels.

You collected 136 gold pieces.

Inventory:

Hand Weapons
 q - a +3 quarterstaff of chaos (weapon)
Armour
 a - a +0 robe (worn)
 h - a +0 cloak of magic resistance (worn)
 p - a +0 pair of gloves (worn)
 s - a +0 helmet (worn)
Jewellery
 w - a ring of see invisible (left hand)
 z - a +3 ring of dexterity (right hand)
Wands
 u - a wand of paralysis (7/24)
Scrolls
 c - 3 scrolls of teleportation
 f - 3 scrolls of remove curse {@r2}
 g - a scroll of enchant weapon {unknown}
 j - 4 scrolls of identify {@r1}
 k - 2 scrolls of blinking {unknown}
 l - a scroll of immolation {unknown}
 r - a scroll of fog {unknown}
 y - a scroll of enchant armour {unknown}
Potions
 m - a potion of cancellation {unknown}
 n - a potion of invisibility {unknown}
 o - a potion of heal wounds {unknown}
 t - a potion of ambrosia {unknown}
 v - a potion of flight {unknown}
 x - a potion of curing {@q1}
Books
 b - a book of Flames

   Spells                             Type                      Level
   a - Flame Tongue                   Conjuration/Fire             1
   b - Throw Flame                    Conjuration/Fire             2
   c - Conjure Flame                  Conjuration/Fire             3
   d - Inner Flame                    Hexes/Fire                   3
   e - Sticky Flame                   Conjuration/Fire             4
   f - Fireball                       Conjuration/Fire             5
Comestibles
 d - 5 bread rations
 e - 2 meat rations
 i - a royal jelly


   Skills:
 - Level 1.7 Dodging
 - Level 1.7 Stealth
 + Level 4.0 Spellcasting
 + Level 4.0 Conjurations
 + Level 4.5 Fire Magic


You had 7 spell levels left.
You knew the following spells:

 Your Spells              Type           Power        Failure   Level  Hunger
a - Flame Tongue          Conj/Fire      ###..        1%          1    None
b - Throw Flame           Conj/Fire      ###...       2%          2    #......
c - Conjure Flame         Conj/Fire      ###.....     5%          3    ##.....


Dungeon Overview and Level Annotations

Branches:
Dungeon (5/15)
 Temple: D:4-7

Annotations:
D:2 1 transporter
D:4 Grinder; septik's ghost, amateur GrCj
D:5 kuniqs's ghost, novice DgFE


Innate Abilities, Weirdness & Mutations

You have an increased reservoir of magic. (+10% MP)


Message History

The flame tongue hits kuniqs's ghost.
Kuniqs's ghost sprays you with burning goo.
The sticky flame hits you!
You are covered in liquid flames!
Aim: kuniqs's ghost, wielding a weapon of speed (severely damaged)
The flame tongue hits kuniqs's ghost.
You are covered in liquid flames!
* * * LOW HITPOINT WARNING * * *
Kuniqs's ghost hits you.
* * * LOW HITPOINT WARNING * * *
Aim: kuniqs's ghost, wielding a weapon of speed (severely damaged)
The flame tongue hits kuniqs's ghost.
You are covered in liquid flames!
* * * LOW HITPOINT WARNING * * *
Kuniqs's ghost hits you.
* * * LOW HITPOINT WARNING * * *
Aim: kuniqs's ghost, wielding a weapon of speed (almost destroyed)
The flame tongue misses kuniqs's ghost.
You are covered in liquid flames!
You die...

... ... #'### +...#
#...#
#......#...#.......
#......#...#)......
#......#W..#.......
#......#@..#.......
#......#...#.......
#......#...#.......
#......#...#.......
#......'...'.......
+......#...#.......
#......#...#.......#
#......#...#.......#
#......###.#.......#


You could see kuniqs's ghost.

Vanquished Creatures
  A phantom (D:4)
  A hound (D:5)
  2 orc wizards
  Crazy Yiuf (D:2)
  Jessica (D:2)
  A centaur skeleton (D:4)
  5 worker ants
  5 adders
  A gnoll (D:2)
  An adder skeleton (D:4)
  2 worms
  3 dart slugs
  3 leopard geckos
  10 orcs
  3 ball pythons
  2 giant cockroaches
  6 goblins
  14 hobgoblins
  4 jackals (D:4)
  9 kobolds
  A quokka (D:2)
  5 bats
  3 frilled lizards
  2 quokka skeletons
  4 rats
90 creatures vanquished.

Notes
Turn   | Place    | Note
-------+----------+-------------------------------------------
     0 | D:1      | kuniqs the Demigod Fire Elementalist began the quest for the Orb.
     0 | D:1      | Reached XP level 1. HP: 14/14 MP: 5/5
    35 | D:1      | Reached skill level 1 in Conjurations
   363 | D:1      | Reached XP level 2. HP: 20/20 MP: 5/7
   734 | D:2      | Found a transporter.
   734 | D:2      | Found a transporter.
   740 | D:2      | Noticed a scorpion
   751 | D:2      | Found a shattered altar of Ashenzari.
   771 | D:2      | Learned a level 2 spell: Throw Flame
   955 | D:2      | Reached XP level 3. HP: 13/26 MP: 0/9
   985 | D:2      | HP: 1/26 [poisoned by an adder]
  1756 | D:2      | Noticed Jessica
  1768 | D:2      | Killed Jessica
  1827 | D:2      | Reached XP level 4. HP: 33/33 MP: 8/10
  1904 | D:2      | Found a runed door.
  1971 | D:2      | Learned a level 3 spell: Conjure Flame
  2788 | D:2      | Found an iron altar of Okawaru.
  3090 | D:2      | Noticed Crazy Yiuf
  3096 | D:2      | Killed Crazy Yiuf
  3337 | D:3      | Reached XP level 5. HP: 38/38 MP: 2/12
  3543 | D:3      | Found a shadowy altar of Dithmenos.
  4402 | D:4      | Identified the +1 robe "Dock" {rPois rCorr Int-4 Dex+2} (You found it on level 4 of the Dungeon)
  4678 | D:4      | Noticed a phantom
  4708 | D:4      | Killed a phantom
  4708 | D:4      | Reached XP level 6. HP: 8/45 MP: 0/14
  5328 | D:4      | Noticed septik's ghost (amateur GrCj)
  5340 | D:4      | Noticed Grinder
  5698 | D:5      | Entered Level 5 of the Dungeon
  5830 | D:5      | Noticed kuniqs's ghost (novice DgFE)
  5840 | D:5      | HP: 2/45 [kuniqs's ghost (1)]
  5841 | D:5      | Incinerated by kuniqs's ghost

Vault maps used:
D:1:      scummos_arrival_star
D:2:      okawaru_altar_gauntlet_db, gammafunk_temple_overflow_arena,
          serial_co_window_serial, co_window_cross_1, co_window_paths_a,
          co_window_paths_a, co_window_paths_a, co_window_corner_a,
          co_window_paths_a, co_window_of_opportunity_a,
          co_window_unsneaky_path_d, co_window_cross_2, co_window_2corner,
          co_window_of_opportunity_b, co_window_paths_c, co_window_cross_3,
          first_bread, uniq_jessica, uniq_crazy_yiuf_cottage
D:3:      nicolae_dithmenos_through_a_glass_darkly
D:4:      cheibrodos_helix_gallery, uniq_grinder
D:5:      minmay_temple_entry_mist

Skill      XL: |  1  2  3  4  5  6 |
---------------+-------------------+-----
Conjurations   | 1 2 3 4 |  4.0
Spellcasting   | 2 3 4 |  4.0
Fire Magic     | 3 4 |  4.5
Dodging        | |  1.7
Stealth        | |  1.7

Action                   |  1- 3 |  4- 6 || total
-------------------------+-------+-------++-------
Melee: Dagger            |     2 |       ||     2
       Quarterstaff      |       |    14 ||    14
 Cast: Flame Tongue      |    55 |   177 ||   232
       Throw Flame       |     5 |    17 ||    22
       Conjure Flame     |       |     2 ||     2
  Use: Potion            |     3 |       ||     3
       Scroll            |     1 |     2 ||     3
  Eat: Chunk             |     3 |    13 ||    16
Armor: Robe              |     4 |    21 ||    25
Dodge: Dodged            |    12 |    54 ||    66
